 Seeded DCSS version 0.30.0-30-g96aa6591b8 (webtiles) character file.

Game seed: 4190105075723174325 (custom seed)

24 CInkIbrahim the Slasher (level 2, 22/22 HPs)
             Began as a Demonspawn Gladiator on July 1, 2023.
             Quit the game on level 1 of the Dungeon.
             The game lasted 00:00:51 (285 turns).

CInkIbrahim the Slasher (Demonspawn Gladiator)       Turns: 285, Time: 00:00:52

Health: 22/22      AC:  4    Str: 14    XL:     2   Next: 79%
Magic:  2/2        EV: 12    Int:  9    God:
Gold:   37         SH:  0    Dex: 14    Spells: 1/1 levels left

rFire   . . .        a - +0 long sword
rCold   . . .        (no shield)
rNeg    . . .        b - +0 leather armour
rPois   .            c - +0 helmet
rElec   .            (no cloak)
rCorr   .            (no gloves)
SInv    .            (no boots)
Will    .....        (no amulet)
Stlth   +            (no ring)
HPRegen 0.23/turn    (no ring)
MPRegen 0.08/turn

%: no passive effects
@: no status effects
A: demonic touch 1
a: no special abilities


You were on level 1 of the Dungeon.
You visited 1 branch of the dungeon, and saw 1 of its levels.

You collected 37 gold pieces.

Inventory:

Hand Weapons
 a - a +0 long sword (weapon)
Missiles
 d - 3 throwing nets (quivered)
 e - 6 javelins
Armour
 b - a +0 leather armour (worn)
 c - a +0 helmet (worn)
Scrolls
 g - a scroll of identify {unknown}
Potions
 f - a potion of haste {unknown}


   Skills:
 - Level 2.0 Fighting
 + Level 3.7 Long Blades
 - Level 1.7 Throwing
 - Level 2.6 Dodging


You had one spell level left.
You didn't know any spells.
Your spell library was empty.

Dungeon Overview and Level Annotations

Branches:
Dungeon (1/15)

Altars:

Shops:
D:1 (


Innate Abilities, Weirdness & Mutations

Your touch may inflict minor irresistible damage on your foes.


Message History

Found a dagger.
No target in view!
You see here a +0 sling.
Found a stone staircase leading down.
No target in view!
Found a dagger.
No target in view!
You now have 37 gold pieces (gained 15).
You open the door.
There is an open door here.
e - 6 javelins (gained 5)
f - a lumpy amethyst potion No target in view!
g - a scroll labelled IBRERH MYSCHOE No target in view!
A bat comes into view.
A bat comes into view.
The bat completely misses you.
There are monsters nearby!
You slash the bat!
You kill the bat!
A bat is nearby!
You slash the bat!
You kill the bat!
You see here a bat corpse.
Found a stone staircase leading down.
No target in view!
Found Venomn's Weapon Emporium.
No target in view!
Found a pair of boots.
No target in view!
An endoplasm comes into view.
The endoplasm quivers.
The endoplasm jiggles.
The endoplasm closely misses you.
You slash the endoplasm!
You kill the endoplasm!
No target in view!
There is an entrance to Venomn's Weapon Emporium here.
Are you sure you want to abandon this character and quit the game? (Confirm with "yes".)

#.#... #.#.#. ...
###.#.. ..## .......
... .. ....>######.#
.. ..... ..[# #.#
#####.#####..# #
#.###............#.#
#...............@..#
............###.####.#
............#........#
............#.#.######
...........##.#.#
............# #..
#.............#.#
########..#...#..
..#.. .##


There were no monsters in sight!

Vanquished Creatures
  A gnoll (D:1)
  2 ball pythons (D:1)
  3 endoplasms (D:1)
  A giant cockroach (D:1)
  A goblin (D:1)
  A hobgoblin (D:1)
  A quokka (D:1)
  2 bats (D:1)
  A frilled lizard (D:1)
  A kobold (D:1)
14 creatures vanquished.

Notes
Turn   | Place    | Note
-------+----------+-------------------------------------------
     0 | D:1      | CInkIbrahim the Demonspawn Gladiator began the quest for
                  | the Orb.
     0 | D:1      | Reached XP level 1. HP: 16/16 MP: 1/1
    66 | D:1      | Reached skill level 3 in Long Blades
   109 | D:1      | Discovered your monstrous ancestry.
   109 | D:1      | Gained mutation: Your touch may inflict minor irresistible
                  | damage on your foes. [demonic ancestry]
   109 | D:1      | Reached XP level 2. HP: 17/22 MP: 2/2
   274 | D:1      | Found Venomn's Weapon Emporium.
   285 | D:1      | Quit the game

Illustrated notes

Levels and vault maps discovered:
D:1:      wander_arrival_peaceful_grave, layout_basic, serial_shops, shop,
          ebering_ecumenical_altar_petrified, chequers_serial_rivers_small_a

Skill      XL: |  1 |
---------------+----+-----
Long Blades    | 3 |  3.7
Fighting       | |  2.0
Throwing       | |  1.7
Dodging        | |  2.6

Action                     || total
---------------------------++-------
  Melee: Long sword        ||    24
 Armour: Leather armour    ||     6
  Dodge: Dodged            ||    16
